 Dungeon Crawl Stone Soup version 0.22-a0-447-gee5f723 (webtiles) character file.

611 wjh11 the Chopper (level 7, -1/61 HPs)
             Began as a Minotaur Berserker on June 4, 2018.
             Was a Priest of Trog.
             Slain by a phantom (4 damage)
             ... on level 4 of the Dungeon.
             The game lasted 00:05:52 (3247 turns).

wjh11 the Chopper (Minotaur Berserker)              Turns: 3247, Time: 00:05:52

Health: -1/61      AC:  6    Str: 24    XL:     7   Next: 20%
Magic:  6/6        EV: 12    Int:  4    God:    Trog [***...]
Gold:   178        SH:  0    Dex:  9    Spells: 6/6 levels left

rFire    . . .     SeeInvis .   a - +0 hand axe
rCold    . . .     Gourm    .   (no shield)
rNeg     . . .     Faith    .   d - +0 ring mail
rPois    .         Spirit   .   (helmet restricted)
rElec    .         Reflect  .   (no cloak)
rCorr    .         Harm     .   (no gloves)
MR       .....                  (no boots)
Stlth    ..........             h - amulet of regeneration
HPRegen  0.60/turn              (no ring)
MPRegen  0.10/turn              (no ring)

@: berserk cooldown, slowed, very slow
A: retaliatory headbutt, horns 2
a: Berserk, Trog's Hand, Renounce Religion


You were on level 4 of the Dungeon.
You worshipped Trog.
Trog was most pleased with you.
You were very hungry.

You visited 1 branch of the dungeon, and saw 5 of its levels.

You collected 178 gold pieces.

Inventory:

Hand Weapons
 a - a +0 hand axe (weapon)
Armour
 d - a +0 ring mail (worn)
Jewellery
 h - an amulet of regeneration (around neck)
Scrolls
 b - a scroll of enchant weapon {unknown}
 e - a scroll of blinking {unknown}
 g - 2 scrolls of enchant armour {unknown}
 i - a scroll of fear {unknown}
 j - 3 scrolls of identify {unknown}
 m - a scroll of remove curse
 p - a scroll of teleportation {unknown}
Potions
 k - 2 potions of heal wounds {unknown}
 l - a potion of cancellation {unknown}
 n - 3 potions of haste {unknown}
 o - a potion of agility {unknown}
 q - a potion of flight {unknown}
Comestibles
 c - 10 rations
 f - 7 chunks of flesh


   Skills:
 + Level 5.4 Fighting
 * Level 6.9 Axes
 + Level 4.8 Armour
 + Level 4.3 Dodging


You had 6 spell levels left.
You didn't know any spells.
Your spell library was empty.

Dungeon Overview and Level Annotations

Branches:
Dungeon (5/15)
 Temple: D:4-7

Altars:
Makhleb
Nemelex Xobeh
Trog
Vehumet

Annotations:
D:5 Eustachio


Innate Abilities, Weirdness & Mutations

You reflexively headbutt those who attack you in melee.
You have a pair of horns on your head.


Message History

The orc wizard gestures wildly while chanting.
The orc wizard blinks!
You feel a strong urge to attack something.
You feel sick.
You are no longer poisoned.
The phantom hits you.
* * * LOW HITPOINT WARNING * * *
The phantom blinks!
You slash the phantom!
The phantom is almost destroyed.
You are no longer berserk.
You are exhausted.
You feel as though you will be slow longer.
The phantom blinks!
You hit the phantom.
The phantom is almost destroyed.
The phantom hits you.
* * * LOW HITPOINT WARNING * * *
The phantom hits you.
You die...

#.#
#...........#
#.#
#............
#.#
#........####
#.#
#........#
#.#
#........#
#.#
#####.####
#o# #.#
#W########.#
#@##.....))#
#..........#
####.......#
#.......#
#.........#
...#.......#
....#.......#
... #######.#
### .#


You could see a phantom and an orc wizard.

Vanquished Creatures
  A phantom (D:4)
  An ogre (D:4)
  2 orc wizards (D:4)
  An orc priest (D:4)
  A hound (D:4)
  4 worker ants (D:4)
  A hound skeleton (D:3)
  3 gnolls (D:4)
  8 adders
  2 oozes
  2 worms
  3 dart slugs
  A leopard gecko (D:4)
  17 orcs
  2 ball pythons
  2 bats
  5 giant cockroaches
  6 goblins
  6 hobgoblins
  8 kobolds
  3 quokkas (D:3)
  9 frilled lizards
  A jackal skeleton (D:4)
  4 rats
93 creatures vanquished.

Notes
Turn   | Place    | Note
-------+----------+-------------------------------------------
     0 | D:1      | wjh11 the Minotaur Berserker began the quest for the Orb.
     0 | D:1      | Reached XP level 1. HP: 19/19 MP: 0/0
   174 | D:1      | Reached skill level 4 in Axes
   174 | D:1      | Reached XP level 2. HP: 25/27 MP: 1/1
   782 | D:1      | Reached XP level 3. HP: 31/33 MP: 2/2
  1100 | D:2      | Reached ** piety under Trog
  1494 | D:2      | Found a sparkling altar of Nemelex Xobeh.
  1880 | D:3      | Reached XP level 4. HP: 34/40 MP: 3/3
  1890 | D:3      | Found a radiant altar of Vehumet.
  1948 | D:3      | Reached skill level 5 in Axes
  2188 | D:3      | Reached XP level 5. HP: 45/47 MP: 4/4
  2296 | D:3      | Found a burning altar of Makhleb.
  2380 | D:3      | You fall through a shaft for 2 floors!
  2380 | D:5      | Entered Level 5 of the Dungeon
  2387 | D:5      | Found a bloodstained altar of Trog.
  2408 | D:5      | Noticed Eustachio
  2431 | D:4      | Noticed a phantom
  2453 | D:4      | Killed a phantom
  2721 | D:4      | Reached XP level 6. HP: 55/55 MP: 5/5
  2851 | D:4      | Reached skill level 5 in Fighting
  2851 | D:4      | Reached skill level 6 in Axes
  2968 | D:4      | Reached *** piety under Trog
  3116 | D:4      | Reached XP level 7. HP: 61/61 MP: 6/6
  3189 | D:4      | Found a burning altar of Makhleb.
  3247 | D:4      | HP: 3/61 [phantom (4)]
  3247 | D:4      | Slain by a phantom

Vault maps used:
D:1:      erik_arrival_cave_to_civilisation, item_on_display_a
D:2:      overflow_temple_1_default, minmay_tetromino_i2
D:3:      vehumet_crystals, lemuel_crystal_altar, first_ration
D:4:      makhleb_altar_promises_db
D:5:      grunt_qazlal_sundering, kennysheep_mini, basic_altar, uniq_eustachio

Skill      XL: |  1  2  3  4  5  6 |
---------------+-------------------+-----
Axes           | 4 5 6 |  6.9
Fighting       | 4 5 |  5.4
Armour         | 3 4 |  4.8
Dodging        | 3 4 |  4.3

Action                   |  1- 3 |  4- 6 |  7- 9 || total
-------------------------+-------+-------+-------++-------
Melee: Hand axe          |    95 |   139 |    37 ||   271
       Headbutt          |    10 |    18 |     9 ||    37
Invok: Berserk           |       |       |     1 ||     1
  Use: Scroll            |     3 |       |       ||     3
  Eat: Chunk             |     3 |     4 |       ||     7
Armor: Ring mail         |    32 |    35 |     8 ||    75
       Animal skin       |     2 |       |       ||     2
Dodge: Dodged            |    58 |    86 |    17 ||   161

Table legend:
 A = Spawn XP
 B = Non-spawn XP
 C = Spawn XP percentage of total XP
 D = Spawn monster count
 E = Non-spawn monster count
 F = Spawn count percentage of total count
 G = Total turns spent on level
                    A         B        C        D         E        F      G
               +---------+---------+-------+---------+---------+-------+---------
         Total |       0 |     874 |   0.0 |       0 |      93 |   0.0 |  3247
               +---------+---------+-------+---------+---------+-------+---------
           D:1 |       0 |      42 |   0.0 |       0 |      22 |   0.0 |  1093
           D:2 |       0 |      47 |   0.0 |       0 |      15 |   0.0 |   784
           D:3 |       0 |     131 |   0.0 |       0 |      28 |   0.0 |   503
           D:4 |       0 |     654 |   0.0 |       0 |      28 |   0.0 |   825
               +---------+---------+-------+---------+---------+-------+---------
